 Dungeon Crawl Stone Soup version 0.31-a0-369-g8eba5f6939 (webtiles) character file.

Game seed: 4830481304633493217

10836 drugrobin the Severer (level 11, -1/121 HPs)
             Began as a Demigod Delver on July 29, 2023.
             Slain by Urug
             ... wielding a +7 double sword of freezing
              (4 damage)
             ... on level 11 of the Dungeon.
             The game lasted 00:34:05 (10421 turns).

drugrobin the Severer (Demigod Delver)             Turns: 10421, Time: 00:34:06

Health: -1/121     AC: 25    Str: 25    XL:     11   Next: 18%
Magic:  14/14      EV:  2    Int: 18    God:
Gold:   458        SH:  0    Dex: 15    Spells: 10/10 levels left

rFire   . . .        b - +1 flail (venom)
rCold   . . .        (no shield)
rNeg    . . .        s - melded +5 ring mail "Ysteci" {-Cast Rampage rPois}
rPois   +            y - melded +0 helmet
rElec   .            R - melded scarf {+Inv}
rCorr   +            r - melded +0 pair of fencer's gloves {Riposte Dex+3}
SInv    .            (boots currently unavailable)
Will    +....        D - amulet of regeneration
Stlth   +++          j - ring of resist corrosion
HPRegen 1.20/turn    G - +6 ring of intelligence
MPRegen 0.14/turn

%: no passive effects
@: tree-form
A: stationary, stasis, torment immunity, boosted hp, high MP 1, forlorn, divine
attributes
a: no special abilities


You were on level 11 of the Dungeon.
You were a tree.
You visited 1 branch of the dungeon, and saw 11 of its levels.

You collected 587 gold pieces.
You spent 129 gold pieces at shops.

Inventory:

Hand Weapons
 a - a +4 hand axe
 b - a +1 flail of venom (weapon)
 c - a +0 sling
 e - a +0 battleaxe
 L - a +4 spear of freezing
Missiles
 d - 2 silver boomerangs
 h - 28 poisoned darts
 t - 8 boomerangs (quivered)
Armour
 m - a +2 chain mail of cold resistance
 q - a +0 troll leather armour
 r - the +0 pair of fencer's gloves (melded) {Riposte Dex+3}
   (You acquired it on level 5 of the Dungeon)

   Riposte:   It allows the wearer to riposte with melee weapons, swiftly
   retaliating against missed or blocked melee attacks.
   Dex:       It affects your dexterity (+3).
 s - the +5 ring mail "Ysteci" (melded) {-Cast Rampage rPois}
   (You found it on level 6 of the Dungeon)

   rPois:     It protects you from poison.
   -Cast:     It prevents spellcasting.
   Rampage:   It bestows one free step when moving towards enemies.
 y - a +0 helmet (melded)
 P - an orb of mayhem
 R - a scarf of invisibility (melded)
Jewellery
 j - a ring of resist corrosion (left branch)
 D - an amulet of regeneration (around neck)
 G - a +6 ring of intelligence (right branch)
 I - a ring of positive energy
 Q - a ring of poison resistance
 V - a ring of see invisible
Wands
 g - a wand of digging (2)
 M - a wand of quicksilver (4)
 O - a wand of polymorph (9)
 T - a wand of flame (11)
 Y - a wand of roots (7)
Scrolls
 i - 5 scrolls of teleportation
 k - 2 scrolls of poison
 n - 2 scrolls of identify
 o - 3 scrolls of enchant armour
 p - 5 scrolls of enchant weapon
 u - a scroll of vulnerability
 A - a scroll of torment
 E - 2 scrolls of brand weapon
 F - 2 scrolls of amnesia
 H - 4 scrolls of fog
 J - 2 scrolls of revelation
 S - 3 scrolls of fear
 X - a scroll of blinking
Potions
 f - 3 potions of haste
 l - a potion of might
 v - a potion of resistance {unknown}
 x - 5 potions of brilliance
 z - 2 potions of enlightenment {unknown}
 B - 3 potions of invisibility
 C - 4 potions of mutation {unknown}
 K - a potion of heal wounds {unknown}
Miscellaneous
 W - a phantom mirror (inert)


   Skills:
 - Level 2.6 Fighting
 + Level 15.3 Axes
 - Level 1.7 Dodging
 - Level 4.5 Stealth
 + Level 6.1 Evocations


You had 10 spell levels left.
You didn't know any spells.
Your spell library contained the following spells:

 Spells                   Type           Power      Damage    Failure   Level
 Shock                    Conj/Air       0%         1d3       22%         1
 Ensorcelled Hibernation  Hex/Ice        0%         N/A       32%         2
 Lesser Beckoning         Tloc           0%         N/A       32%         2
 Gell's Gravitas          Tloc           0%         N/A       54%         3
 Swiftness                Air            0%         N/A       54%         3
 Teleport Other           Tloc           0%         N/A       54%         3
 Airstrike                Air            0%         2d(0-16)  91%         4
 Anguish                  Hex/Necr       0%         N/A       91%         4
 Passage of Golubria      Tloc           0%         N/A       91%         4
 Silence                  Hex/Air        0%         N/A       99%         5
 Dispersal                Tloc           0%         N/A       100%        6
 Lehudib's Crystal Spear  Conj/Erth      0%         10d2      100%        8


Dungeon Overview and Level Annotations

Branches:
Dungeon (11/15)            Temple (0/1) D:6
   Lair: D:8-11         Orc: D:9-12

Shops:
D:3 =   D:5 [   D:8 *

Annotations:
D:11 Urug


Innate Abilities, Weirdness & Mutations

You are a tree.
Your roots penetrate the ground, keeping you stationary.
You cannot be teleported.
You are immune to unholy pain and torment.
Your maximum health is greatly increased.
Your equipment is partially melded.
You have an increased reservoir of magic. (+10% MP)
You shall have no god before yourself.
Your divine heritage dramatically boosts your attributes as you level up.


Message History

Okay, then.
Really quaff the potion of lignification?
You turn into a tree.
Your scarf of invisibility melds into your body.
Your +0 helmet melds into your body.
The +0 pair of fencer's gloves {Riposte Dex+3} melds into your body.
The +5 ring mail "Ysteci" {-Cast Rampage rPois} melds into your body.
Your roots penetrate the ground.
Urug hits you with a +7 double sword of freezing!!
* * * LOW HITPOINT WARNING * * *
Urug freezes you.
* * * LOW HITPOINT WARNING * * *
Unknown command.
Unknown command.
Unknown command.
You feel better.
Urug hits you with a +7 double sword of freezing.
* * * LOW HITPOINT WARNING * * *
Urug freezes you.
* * * LOW HITPOINT WARNING * * *
Urug misses Urug.
Unknown command.
Unknown command.
Unknown command.
Unknown command.
Unknown command.
You feel better.
Urug hits you with a +7 double sword of freezing.
* * * LOW HITPOINT WARNING * * *
Urug freezes you.
* * * LOW HITPOINT WARNING * * *
Urug hits Urug with a +7 double sword of freezing!
Urug freezes Urug!
Unknown command.
You thump Urug!
Urug is almost dead.
Urug hits you with a +7 double sword of freezing!
* * * LOW HITPOINT WARNING * * *
Urug freezes you.
You die...

.. ...## .. #'#..
.# #.#.# .# #.#.#
######.#.# #.#.###
#(...o..?# #......
#o####.#######.###
#o# ............
#♣# ########.###
#.# #.... #.#
#..## #.# #....
#.# ##.## #.# #.#
#.# #.#
#.#############.#
#...............#


You could see Urug (ally target) and the friendly Urug (summoned, drained).

Vanquished Creatures
  A boulder beetle (D:8)
  3 two-headed ogres
  A manticore (D:8)
  A gargoyle (D:10)
  A komodo dragon (D:9)
  2 trolls
  Eustachio (D:6)
  A shadow (D:10)
  4 wyverns
  4 yaks
  5 humans (D:6)
  A wraith (D:10)
  2 steam dragons (D:8)
  3 water moccasins
  Duvessa (D:6)
  2 acid dragons
  8 orc warriors
  A black bear (D:8)
  3 sky beasts
  An ogre (D:6)
  6 centaurs
  2 phantoms
  2 kobold brigands
  3 bullfrogs (D:7)
  3 scorpions
  7 wights
  Dowan (D:6)
  3 howler monkeys (D:9)
  2 jellies
  5 orc priests
  4 hounds
  A gnoll bouda (D:8)
  2 sleepcaps (D:7)
  10 iguanas
  Terence (D:2)
  9 orc wizards
  Robin (D:3)
  5 gnolls
  8 adders
  A shadow imp (D:8)
  A white imp (D:5)
  An ufetubus (D:5)
  2 worms
  3 dart slugs
  44 orcs
  8 endoplasms
  4 giant cockroaches
  15 goblins
  6 hobgoblins
  11 jackals
  4 kobolds
  A quokka (D:1)
  5 ball pythons
  2 frilled lizards (D:9)
  7 rats
236 creatures vanquished.

Vanquished Creatures (others)
  An unseen horror (D:10)
  2 orcs (D:9)
3 creatures vanquished.

Grand Total: 239 creatures vanquished

Notes
Turn   | Place    | Note
-------+----------+-------------------------------------------
     0 | D:5      | drugrobin the Demigod Delver began the quest for the Orb.
     0 | D:5      | Reached XP level 1. HP: 18/18 MP: 3/3
    14 | D:5      | Found Vanopiq's Armour Boutique.
    37 | D:5      | Noticed an orc wizard
   112 | D:5      | Noticed an iguana
   183 | D:4      | Reached skill level 2 in Axes
   216 | D:3      | Found Idopoer's Jewellery Shop.
   368 | D:1      | Reached XP level 2. HP: 7/25 MP: 4/4
   741 | D:1      | Reached skill level 3 in Axes
   827 | D:1      | Reached XP level 3. HP: 20/30 MP: 5/5
  1263 | D:2      | Noticed Terence
  1360 | D:2      | Killed Terence
  1361 | D:2      | Reached skill level 4 in Axes
  1681 | D:3      | Reached XP level 4. HP: 37/37 MP: 6/6
  2097 | D:3      | Noticed Robin
  2238 | D:3      | Reached skill level 5 in Axes
  2238 | D:3      | Reached XP level 5. HP: 24/42 MP: 7/7
  2422 | D:3      | Killed Robin
  2741 | D:4      | Reached skill level 6 in Axes
  2778 | D:4      | Reached XP level 6. HP: 47/50 MP: 8/8
  3089 | D:4      | Reached skill level 7 in Axes
  3474 | D:5      | Reached XP level 7. HP: 47/56 MP: 9/9
  3782 | D:5      | Reached skill level 8 in Axes
  4132 | D:5      | Identified a scroll of acquirement
  4137 | D:5      | Acquired the +0 pair of fencer's gloves {Riposte Dex+3}
  4137 | D:5      | Found the +0 pair of fencer's gloves {Riposte Dex+3}
  4162 | D:6      | Identified the +5 ring mail "Ysteci" {-Cast Rampage rPois}
  4228 | D:6      | Found a staircase to the Ecumenical Temple.
  4320 | D:6      | Noticed Dowan
  4346 | D:6      | Noticed Duvessa
  4380 | D:6      | Killed Duvessa
  4381 | D:6      | Reached skill level 9 in Axes
  4381 | D:6      | Reached XP level 8. HP: 21/62 MP: 10/10
  4384 | D:6      | Killed Dowan
  4480 | D:6      | Noticed Eustachio
  4495 | D:6      | Killed Eustachio
  4720 | D:6      | Reached skill level 10 in Axes
  4876 | D:6      | Reached skill level 11 in Axes
  5068 | D:6      | Reached XP level 9. HP: 68/68 MP: 11/11
  5595 | D:7      | Reached skill level 12 in Axes
  6380 | D:7      | Reached skill level 13 in Axes
  6802 | D:8      | Found Vacraqo's Changing Room.
  6904 | D:8      | Bought a potion of lignification for 45 gold pieces
  6904 | D:8      | Bought a wand of polymorph (4) for 84 gold pieces
  7233 | D:8      | Noticed a manticore
  7234 | D:8      | Noticed a boulder beetle
  7308 | D:8      | Reached XP level 10. HP: 44/73 MP: 13/13
  7388 | D:8      | Reached skill level 14 in Axes
  7475 | D:8      | Noticed a two-headed ogre
  8048 | D:9      | Noticed an angel
  8187 | D:9      | Reached skill level 1 in Evocations
  8442 | D:10     | Entered Level 10 of the Dungeon
  8465 | D:10     | Noticed a two-headed ogre
  8468 | D:10     | Noticed a two-headed ogre
  8897 | D:10     | Killed a two-headed ogre
  9072 | D:10     | Killed a two-headed ogre
  9324 | D:10     | Reached skill level 15 in Axes
  9324 | D:10     | Reached skill level 5 in Evocations
  9445 | D:10     | Reached XP level 11. HP: 76/81 MP: 14/14
  9741 | D:8      | Killed a two-headed ogre
  9926 | D:8      | Killed a boulder beetle
 10404 | D:11     | Noticed Urug
 10421 | D:11     | HP: 3/121 [Urug/+7 double sword of freezing (14)]
 10421 | D:11     | Slain by Urug

Illustrated notes

Levels and vault maps discovered:
D:1:      minmay_arrival_plants_in_alcoves, layout_rooms, glass_columns_a,
          minmay_misc_feat_alley
D:2:      layout_loops_ring, uniq_terence
D:3:      layout_rooms, zin_scriptorium, basic_ecumenical_altar, serial_shops,
          shop, dreamdust_mushroom_princess, uniq_robin
D:4:      layout_basic, lemuel_round_altar, nicolae_letterblocks
          [nicolae_letter_subblock, nicolae_letter_subblock,
          nicolae_letter_subblock, nicolae_letter_subblock,
          nicolae_letter_subblock, nicolae_letter_subblock,
          nicolae_letter_subblock, nicolae_letter_subblock,
          nicolae_letter_subblock, nicolae_letter_subblock,
          nicolae_letter_subblock, nicolae_letter_subblock,
          nicolae_letter_subblock, nicolae_letter_subblock,
          nicolae_letter_subblock, nicolae_letter_subblock,
          nicolae_letter_subblock, nicolae_letter_subblock,
          nicolae_letter_subblock, nicolae_letter_subblock,
          nicolae_letter_subblock, nicolae_letter_subblock,
          nicolae_letter_subblock, nicolae_letter_subblock,
          nicolae_letter_subblock]
D:5:      layout_loops_ring, serial_shops, shop
D:6:      layout_rooms, okawaru_trees_2, minmay_temple_entry_drinking_statues,
          minmay_ruffians, uniq_duvessa, uniq_eustachio
D:7:      layout_loops_ring, corexii_checkpoint_a, hellmonk_no_cap
D:8:      kennysheep_windowed_halls, layout_basic, nicolae_transmutations_shop
D:9:      layout_irregular_city, grunt_temple_overflow_holy_war,
          kennysheep_mini_moat, minivault_11, minmay_lizard_king
D:10:     layout_long_grid, gammafunk_temple_overflow_forgotten,
          xom_confusion_cloud
D:11:     layout_basic, grunt_lair_entry_orc_guard_hut, due_unseen_surprise,
          uniq_lodul, uniq_maurice, uniq_urug, uniq_grum

Skill      XL: |  1  2  3  4  5  6  7  8  9 10 11 |
---------------+----------------------------------+-----
Axes           | 2 3 4 5 6 7 9 11 13 15 | 15.3
Evocations     | 5 6 |  6.1
Fighting       | |  2.6
Dodging        | |  1.7
Stealth        | |  4.5

Action                     |  1- 3 |  4- 6 |  7- 9 | 10-12 || total
---------------------------+-------+-------+-------+-------++-------
  Melee: Hand axe          |   118 |   217 |   233 |   152 ||   720
         Punch             |     1 |     2 |     7 |     3 ||    13
         Short sword       |       |       |   116 |       ||   116
         Flail             |       |       |    63 |    18 ||    81
         Battleaxe         |       |       |       |   112 ||   112
   Fire: Sling             |     2 |     8 |       |     8 ||    18
  Throw: Dart              |     4 |     3 |       |     6 ||    13
         Boomerang         |       |    15 |    19 |     8 ||    42
         Throwing net      |       |       |     3 |     2 ||     5
  Evoke: Wand              |       |     1 |     1 |     2 ||     4
         Phantom mirror    |       |       |       |     1 ||     1
    Use: Scroll            |       |       |     9 |     3 ||    12
         Potion            |       |       |     5 |     3 ||     8
   Stab: Sleeping          |     1 |       |    10 |     2 ||    13
         Held in net/web   |       |       |     3 |     5 ||     8
         Invisible         |       |       |     2 |       ||     2
         Distracted        |       |       |     1 |     1 ||     2
 Armour: Leather armour    |     8 |       |       |       ||     8
         Chain mail        |    40 |   101 |    42 |       ||   183
         Ring mail         |       |       |   141 |    98 ||   239
  Dodge: Dodged            |    66 |    88 |   192 |   116 ||   462
Riposte: Hand axe          |       |       |    14 |     9 ||    23
         Short sword       |       |       |    18 |       ||    18
         Flail             |       |       |    12 |       ||    12
         Battleaxe         |       |       |       |    19 ||    19

Table legend: (Time is in decaauts)
 A = Elapsed time spent in this place.
 B = Non-inter-level travel time spent in this place.
 C = Inter-level travel time spent in this place.
 D = Time resting spent in this place.
 E = Time spent auto-exploring this place.
 F = Levels seen in this place.
 G = Mean time per level.
                   A        B        C        D        E       F      G
               +--------+--------+--------+--------+--------+-----+--------+
         Total |  10340 |   9626 |    714 |   1176 |   5280 |  11 |  940.0 |
       Dungeon |  10340 |   9626 |    714 |   1176 |   5280 |  11 |  940.0 |
               +--------+--------+--------+--------+--------+-----+--------+

Top non-repeatable levels by time:
     D:8: 1976 daAuts
     D:7: 1104 daAuts
    D:10: 1098 daAuts
     D:2: 1051 daAuts
     D:4: 938 daAuts
     D:9: 900 daAuts
     D:5: 888 daAuts
     D:6: 863 daAuts
     D:3: 680 daAuts
     D:1: 620 daAuts
    D:11: 217 daAuts
